 Dungeon Crawl Stone Soup version 0.29-a0-106-g0a07039d5a (webtiles) character file.

Game seed: 7065868887451234539

387 YayAnonymity the Quickloader (level 6, 0/46 (52) HPs)
             Began as a Minotaur Hunter on Feb 16, 2022.
             Slain by an orc priest (6 damage)
             ... on level 4 of the Dungeon.
             The game lasted 00:07:35 (3286 turns).

YayAnonymity the Quickloader (Minotaur Hunter)      Turns: 3286, Time: 00:07:36

HP:   0/46 (52)     AC:  5    Str: 18    XL:     6   Next: 49%
MP:   14/14         EV: 11    Int:  8    God:
Gold: 246           SH:  0    Dex: 11    Spells: 3/5 levels left

rFire   . . .      SeeInvis +   b - +2 short sword (elec)
rCold   . . .      Faith    .   (no shield)
rNeg    . . .      Spirit   .   c - +0 leather armour
rPois   .          Reflect  .   (helmet restricted)
rElec   .          Harm     .   (no cloak)
rCorr   .          Rampage  .   (no gloves)
Will    .....                   D - +1 pair of boots
Stlth   +.........              j - amulet of regeneration
HPRegen 0.95/turn               i - ring of magical power
MPRegen 0.14/turn               u - ring of see invisible

@: heavily drained
A: horns 2, retaliatory headbutt
a: no special abilities


You were on level 4 of the Dungeon.
You visited 1 branch of the dungeon, and saw 4 of its levels.

You collected 246 gold pieces.

Inventory:

Hand Weapons
 a - a +1 hand crossbow
 b - a +2 short sword of electrocution (weapon)
Missiles
 d - 15 bolts
 f - 12 poisoned darts (quivered)
Armour
 c - a +0 leather armour (worn)
 D - a +1 pair of boots (worn)
Jewellery
 i - a ring of magical power (left hand)
 j - an amulet of regeneration (around neck)
 r - an amulet of reflection
 u - a ring of see invisible (right hand)
Wands
 E - a wand of digging (8)
Scrolls
 e - 2 scrolls of magic mapping
 k - a scroll of noise
 l - a scroll of silence {unknown}
 m - a scroll of fog {unknown}
 n - a scroll of amnesia {unknown}
 o - 2 scrolls of teleportation {unknown}
 q - a scroll of vulnerability {unknown}
 s - 2 scrolls of enchant weapon {unknown}
 t - a scroll of torment {unknown}
 v - a scroll of fear {unknown}
 y - a scroll of enchant armour {unknown}
 C - a scroll of identify
Potions
 g - 2 potions of attraction
 h - 2 potions of resistance
 p - a potion of berserk rage
 w - 2 potions of curing
 x - a potion of degeneration {unknown}
 z - a potion of mutation {unknown}
 A - a potion of might {unknown}
 B - a potion of brilliance {unknown}


   Skills:
 - Level 4.0 Fighting
 * Level 8.1 Crossbows
 - Level 2.1 Dodging
 - Level 0.7 Stealth


You had 3 spell levels left.
You knew the following spells:

 Your Spells              Type           Power      Damage    Failure   Level
a - Ensorcelled Hibernat  Hex/Ice        0%         N/A       61%         2

Your spell library contained the following spells:

 Spells                   Type           Power      Damage    Failure   Level
 Beastly Appendage        Tmut           0%         N/A       45%         1
 Magic Dart               Conj           0%         1d3       45%         1
 Call Imp                 Summ           0%         N/A       61%         2
 Mephitic Cloud           Conj/Pois/Air  0%         N/A       83%         3
 Spider Form              Tmut/Pois      0%         N/A       83%         3
 Anguish                  Hex/Necr       0%         N/A       99%         4
 Blade Hands              Tmut           0%         N/A       100%        5
 Statue Form              Tmut/Erth      0%         N/A       100%        6


Dungeon Overview and Level Annotations

Branches:
Dungeon (4/15)
 Temple: D:4-7

Altars:


Innate Abilities, Weirdness & Mutations

You have a pair of horns on your head.
You reflexively headbutt those who attack you in melee.


Message History

An orc comes into view. It is wielding a +0 club.
An orc comes into view. It is wielding a +0 mace.
The orc shouts! 2 orcs come into view.
An orc is wielding a +2 morningstar of draining.
The orc shouts! x2
An orc priest comes into view. It is wielding a +0 whip.
The orc priest shouts!
The orc priest looks encouraged for a moment.
The orc hits you but does no damage.
You hit the orc.
The orc is severely wounded.
The orc closely misses you. You furiously retaliate!
You headbutt the orc!
You kill the orc!
The orc hits you with a +2 morningstar of draining.
You feel drained. The orc closely misses you.
Things that are here:
a +0 mace; an orc corpse You hit the orc.
Your headbutt misses the orc.
The orc is severely wounded.
The orc hits you with a +2 morningstar of draining.
You feel drained.
The orc priest invokes the aid of Beogh against you.
Beogh smites you! The orc closely misses you.
The orc shouts!
You are too injured to fight recklessly!
You are too injured to fight recklessly!
You puncture the orc!
You kill the orc!
The orc hits you with a +2 morningstar of draining!
* * * LOW HITPOINT WARNING * * *
You feel drained.
* * * LOW HITPOINT WARNING * * *
The orc hits you with a +2 morningstar of draining.
* * * LOW HITPOINT WARNING * * *
You feel drained.
* * * LOW HITPOINT WARNING * * *
You hit the orc priest but do no damage.
Your headbutt misses the orc priest. The orc priest hits you with a +0 whip.
You die...

.. .....# .. .......
.###........ ### ###########
#............##.#
##.##.......
.............#..###..<#...#
..##......................#
................(........##
#..##.........#.........##
#.####........##@o......#
...)##........##o.......#
.....#..............).....#
##..)))....................#
#.....[...................#
#...##...$..........o......#
....###.(...................
.#..# ###..(................
##... #...............


You could see an orc priest and 2 orcs.

Vanquished Creatures
  Pargi (D:3)
  An ogre (D:4)
  An orc wizard (D:3)
  7 adders
  An ufetubus (D:4)
  An adder skeleton (D:3)
  A worm (D:3)
  5 dart slugs
  11 orcs
  11 bats
  8 endoplasms
  A giant cockroach (D:2)
  4 goblins
  6 hobgoblins
  6 jackals
  8 kobolds
  7 quokkas
  6 ball pythons
  6 frilled lizards
  4 rats
96 creatures vanquished.

Vanquished Creatures (others)
  3 fungi (D:1)
  A plant (D:1)
4 creatures vanquished.

Grand Total: 100 creatures vanquished

Notes
Turn   | Place    | Note
-------+----------+-------------------------------------------
     0 | D:1      | YayAnonymity the Minotaur Hunter began the quest for the
                  | Orb.
     0 | D:1      | Reached XP level 1. HP: 18/18 MP: 0/0
   107 | D:1      | Reached XP level 2. HP: 20/25 MP: 1/1
   270 | D:1      | Found a faded altar of an unknown god.
   356 | D:1      | Reached skill level 5 in Crossbows
   867 | D:1      | Got the Tome of Transformation
   915 | D:1      | Reached XP level 3. HP: 31/31 MP: 2/2
  1979 | D:3      | Reached XP level 4. HP: 32/38 MP: 3/3
  2101 | D:3      | Reached skill level 6 in Crossbows
  2219 | D:3      | Noticed Pargi
  2381 | D:3      | Killed Pargi
  2382 | D:3      | Reached skill level 7 in Crossbows
  2382 | D:3      | Reached XP level 5. HP: 44/46 MP: 4/4
  2634 | D:3      | Learned a level 2 spell: Ensorcelled Hibernation
  2779 | D:3      | Reached XP level 6. HP: 52/52 MP: 5/5
  3151 | D:4      | Reached skill level 8 in Crossbows
  3286 | D:4      | Slain by an orc priest

Illustrated notes

Levels and vault maps discovered:
D:1:      tarquinn_simple_flora_water_b, layout_rooms,
          shapermc_ecumenical_altar_mp_urbaneastern
D:2:      layout_loops_ring
D:3:      minmay_thinvault, layout_basic, uniq_pargi
D:4:      minmay_wonky_spiral, layout_cave_pools, lemuel_tele_altar,
          grunt_ministairs_5

Skill      XL: |  1  2  3  4  5  6 |
---------------+-------------------+-----
Crossbows      | 5 7 8 |  8.1
Fighting       | 3 4 |  4.0
Dodging        | |  2.1
Stealth        | |  0.7

Action                   |  1- 3 |  4- 6 || total
-------------------------+-------+-------++-------
Melee: Short sword       |   118 |   106 ||   224
       Headbutt          |    18 |    12 ||    30
       Punch             |     1 |     2 ||     3
 Fire: Hand crossbow     |       |     9 ||     9
  Use: Scroll            |       |     6 ||     6
 Stab: Sleeping          |       |     4 ||     4
Armor: Leather armour    |    43 |    36 ||    79
Dodge: Dodged            |    76 |    80 ||   156

Table legend: (Time is in decaauts)
 A = Elapsed time spent in this place.
 B = Non-inter-level travel time spent in this place.
 C = Inter-level travel time spent in this place.
 D = Time resting spent in this place.
 E = Time spent auto-exploring this place.
 F = Levels seen in this place.
 G = Mean time per level.
                   A        B        C        D        E       F      G
               +--------+--------+--------+--------+--------+-----+--------+
         Total |   3310 |   3003 |    307 |    260 |   1811 |   4 |  827.5 |
       Dungeon |   3310 |   3003 |    307 |    260 |   1811 |   4 |  827.5 |
               +--------+--------+--------+--------+--------+-----+--------+

Top non-repeatable levels by time:
     D:1: 1241 daAuts
     D:3: 1119 daAuts
     D:2: 766 daAuts
     D:4: 183 daAuts
